[ PARTIDA AOE2 · #473335098 ]
UnrankedBizantinos vs Portuguese
[ ANÁLISIS DE REPETICIÓN · EXTRAÍDO DE LA PARTIDA GRABADA ]
Feudal
11:14
Castillos
20:31
Imperial
37:58
| APM promedio | 44.1 |
| APM pico | 77 |
| eAPM promedio | 25.5 |
| Aldeanos / militares | 150 / 250 |
Foco
⚔️ 37.8% · 🌾 62.2%
Spearman ×117 · Skirmisher ×114 · Archer ×10 · Trebuchet (Packed) ×6 · Bombard Cannon ×2 · Mangonel ×1
Feudal
11:41
Castillos
15:36
Imperial
26:03
| APM promedio | 27.4 |
| APM pico | 67 |
| eAPM promedio | 20.2 |
| Aldeanos / militares | 74 / 362 |
Foco
⚔️ 43.5% · 🌾 56.5%
Spearman ×318 · Militia ×44
Feudal
8:51
Castillos
21:07
Imperial
32:14
| APM promedio | 45.4 |
| APM pico | 100 |
| eAPM promedio | 20.3 |
| Aldeanos / militares | 207 / 292 |
Foco
⚔️ 35.4% · 🌾 64.6%
Knight ×147 · Monaspa ×119 · Scout Cavalry ×26
Feudal
9:37
Castillos
22:32
Imperial
43:09
| APM promedio | 23.1 |
| APM pico | 56 |
| eAPM promedio | 17.6 |
| Aldeanos / militares | 100 / 258 |
Foco
⚔️ 51.6% · 🌾 48.4%
Spearman ×162 · Huskarl ×76 · Militia ×20
Feudal
10:47
Castillos
15:44
Imperial
35:26
| APM promedio | 29.4 |
| APM pico | 60 |
| eAPM promedio | 16.6 |
| Aldeanos / militares | 102 / 212 |
Foco
⚔️ 45.2% · 🌾 54.8%
Conquistador ×211 · Missionary ×1
Feudal
11:47
Castillos
18:16
Imperial
37:46
| APM promedio | 31.5 |
| APM pico | 52 |
| eAPM promedio | 16.6 |
| Aldeanos / militares | 140 / 157 |
Foco
⚔️ 39.9% · 🌾 60.1%
Knight ×39 · Archer ×30 · Camel Scout ×22 · Skirmisher ×17 · Scout Cavalry ×16 · Spearman ×8
Feudal
9:38
Castillos
19:39
Imperial
40:55
| APM promedio | 48.5 |
| APM pico | 103 |
| eAPM promedio | 26.9 |
| Aldeanos / militares | 236 / 7 |
Foco
⚔️ 36.1% · 🌾 63.9%
Unknown (1949) ×246 · Unknown (1944) ×11 · Spearman ×3 · Monk ×2 · Scout Cavalry ×2 · Unknown (1954) ×1
Feudal
9:53
Castillos
23:34
Imperial
43:36
| APM promedio | 39.2 |
| APM pico | 70 |
| eAPM promedio | 18.4 |
| Aldeanos / militares | 116 / 378 |
Foco
⚔️ 49.1% · 🌾 50.9%
Scout Cavalry ×307 · Fire Lancer ×63 · Trebuchet (Packed) ×3 · Militia ×2 · Spearman ×2 · Petard ×1
Mapa de la partida
Recursos iniciales + cada clic de construcción. Líneas = muros · curvas = relieve. ◆ oro · ⬟ piedra · ● bayas · ✦ reliquia · ◌ hueco del cierre
Tu base· ✓ Cerrada en 20:31 · 0t muro · 4 puerta(s)
Base de paulovmcm· ✓ Cerrada en 15:36 · 18t muro · 5 puerta(s)
Base de Peace en Lee· ✓ Cerrada en 21:07 · 0t muro · 4 puerta(s)
Base de MANOSCHUECAS420· ✓ Cerrada en 22:32 · 0t muro · 4 puerta(s)
Base de AliceZS· ✓ Cerrada en 15:44 · 1t muro · 5 puerta(s)
Base de Heretic Prophet· ✓ Cerrada en 18:16 · 22t muro · 4 puerta(s)
Base de Castor· ✓ Cerrada en 19:39 · 16t muro · 4 puerta(s)
Base de NyaNyaX· ✓ Cerrada en 23:34 · 5t muro · 4 puerta(s)
Terreno inicial suavizado · ◌ = hueco del cierre detectado · pasá el cursor para detalles
Inputs por minuto
— snk - - paulovmcm
Build order — snk
Primeras 150 de 568 acciones detectadas
| 0:01 | Crear | Villager (Male) |
| 0:01 | Crear | Villager (Male) |
| 0:02 | Construir | House |
| 0:04 | Construir | House |
| 0:37 | Crear | Villager (Male) |
| 0:37 | Crear | Villager (Male) |
| 0:38 | Crear | Villager (Male) |
| 1:30 | Crear | Villager (Male) |
| 1:30 | Crear | Villager (Male) |
| 1:50 | Investigar | Loom |
| 2:04 | Crear | Villager (Male) |
| 2:53 | Crear | Villager (Male) |
| 3:04 | Construir | House |
| 3:08 | Crear | Villager (Male) |
| 3:42 | Crear | Villager (Male) |
| 3:45 | Construir | Lumber Camp |
| 3:47 | Crear | Villager (Male) |
| 4:15 | Crear | Villager (Male) |
| 4:56 | Crear | Villager (Male) |
| 5:06 | Construir | Mill |
| 5:18 | Crear | Villager (Male) |
| 5:48 | Crear | Villager (Male) |
| 6:18 | Crear | Villager (Male) |
| 6:18 | Crear | Villager (Male) |
| 6:18 | Crear | Villager (Male) |
| 6:29 | Crear | Villager (Male) |
| 7:13 | Construir | Barracks |
| 7:47 | Construir | House |
| 7:59 | Crear | Villager (Male) |
| 8:31 | Crear | Villager (Male) |
| 8:57 | Construir | House |
| 8:58 | Construir | House |
| 9:04 | Investigar | Feudal Age |
| 9:04 | Investigar | Feudal Age |
| 9:04 | Investigar | Feudal Age |
| 9:46 | Construir | Farm |
| 9:47 | Construir | Farm |
| 10:19 | Construir | House |
| 11:04 | Crear | Villager (Male) |
| 11:05 | Crear | Villager (Male) |
| 11:14 | Edad | Edad Feudal |
| 11:17 | Crear | Spearman |
| 11:17 | Crear | Spearman |
| 11:20 | Construir | Blacksmith |
| 11:24 | Construir | Archery Range |
| 12:02 | Crear | Villager (Male) |
| 12:12 | Construir | Mining Camp |
| 12:36 | Crear | Archer |
| 12:36 | Crear | Archer |
| 13:00 | Crear | Villager (Male) |
| 13:00 | Crear | Villager (Male) |
| 13:08 | Construir | Blacksmith |
| 13:08 | Crear | Archer |
| 13:24 | Crear | Villager (Male) |
| 13:45 | Crear | Villager (Male) |
| 13:45 | Investigar | Double-Bit Axe |
| 13:46 | Investigar | Double-Bit Axe |
| 14:05 | Construir | Farm |
| 14:20 | Crear | Archer |
| 14:25 | Investigar | Fletching |
| 14:26 | Crear | Villager (Male) |
| 14:31 | Construir | Farm |
| 14:42 | Construir | Farm |
| 14:44 | Construir | Farm |
| 15:02 | Crear | Villager (Male) |
| 15:04 | Crear | Spearman |
| 15:04 | Crear | Spearman |
| 15:07 | Construir | House |
| 15:08 | Construir | House |
| 15:20 | Crear | Skirmisher |
| 15:35 | Crear | Villager (Male) |
| 15:35 | Crear | Villager (Male) |
| 15:38 | Construir | House |
| 15:40 | Construir | House |
| 15:49 | Construir | Farm |
| 15:50 | Construir | Farm |
| 16:07 | Crear | Villager (Male) |
| 16:10 | Construir | Farm |
| 16:24 | Construir | Farm |
| 16:41 | Crear | Villager (Male) |
| 16:47 | Construir | Farm |
| 16:52 | Construir | Market |
| 17:08 | Crear | Villager (Male) |
| 17:17 | Crear | Skirmisher |
| 17:22 | Crear | Spearman |
| 17:23 | Crear | Spearman |
| 17:51 | Investigar | Castle Age |
| 17:51 | Investigar | Castle Age |
| 18:01 | Crear | Spearman |
| 18:08 | Crear | Archer |
| 18:17 | Crear | Villager (Male) |
| 18:22 | Construir | Farm |
| 18:22 | Construir | Farm |
| 18:22 | Construir | Farm |
| 18:23 | Construir | Farm |
| 18:23 | Construir | Farm |
| 18:23 | Construir | Farm |
| 18:30 | Construir | Farm |
| 18:36 | Crear | Skirmisher |
| 19:20 | Construir | Archery Range |
| 19:27 | Crear | Archer |
| 19:27 | Crear | Archer |
| 19:28 | Crear | Archer |
| 19:48 | Investigar | Padded Archer Armor |
| 20:15 | Crear | Spearman |
| 20:15 | Crear | Spearman |
| 20:17 | Crear | Spearman |
| 20:22 | Construir | House |
| 20:23 | Construir | House |
| 20:31 | Edad | Edad de los Castillos |
| 20:37 | Investigar | Crossbowman (upgrade) |
| 20:42 | Crear | Archer |
| 20:44 | Crear | Archer |
| 20:48 | Construir | House |
| 20:49 | Construir | House |
| 20:51 | Crear | Spearman |
| 21:12 | Construir | Town Center |
| 21:17 | Crear | Skirmisher |
| 21:18 | Crear | Skirmisher |
| 21:31 | Crear | Skirmisher |
| 21:32 | Crear | Skirmisher |
| 22:14 | Investigar | Bodkin Arrow |
| 22:15 | Investigar | Bodkin Arrow |
| 22:15 | Investigar | Leather Archer Armor |
| 22:34 | Crear | Skirmisher |
| 22:34 | Crear | Skirmisher |
| 22:38 | Crear | Skirmisher |
| 22:38 | Crear | Skirmisher |
| 22:54 | Crear | Villager (Male) |
| 22:54 | Crear | Villager (Male) |
| 23:14 | Crear | Skirmisher |
| 23:15 | Crear | Skirmisher |
| 23:32 | Investigar | Elite Skirmisher (upgrade) |
| 24:06 | Crear | Skirmisher |
| 24:07 | Crear | Skirmisher |
| 24:09 | Crear | Skirmisher |
| 24:50 | Crear | Skirmisher |
| 24:50 | Crear | Skirmisher |
| 24:54 | Crear | Villager (Male) |
| 24:54 | Crear | Villager (Male) |
| 24:54 | Crear | Villager (Male) |
| 24:55 | Crear | Villager (Male) |
| 25:03 | Construir | House |
| 25:04 | Construir | House |
| 25:14 | Construir | Siege Workshop |
| 25:16 | Crear | Skirmisher |
| 25:17 | Crear | Skirmisher |
| 25:19 | Construir | Archery Range |
| 25:35 | Investigar | Thumb Ring |
| 25:35 | Investigar | Thumb Ring |
Build order — paulovmcm
Primeras 150 de 390 acciones detectadas
| 0:01 | Crear | Villager (Male) ×4 |
| 0:03 | Construir | House |
| 0:06 | Construir | House |
| 1:26 | Crear | Villager (Male) |
| 1:27 | Crear | Villager (Male) |
| 1:49 | Construir | House |
| 1:52 | Investigar | Loom |
| 2:12 | Crear | Villager (Male) |
| 2:12 | Crear | Villager (Male) |
| 2:29 | Crear | Villager (Male) |
| 2:33 | Construir | Lumber Camp |
| 2:59 | Crear | Villager (Male) |
| 3:33 | Crear | Villager (Male) |
| 3:33 | Crear | Villager (Male) |
| 3:34 | Crear | Villager (Male) |
| 4:07 | Crear | Villager (Male) |
| 4:08 | Crear | Villager (Male) |
| 4:40 | Construir | Mill |
| 4:43 | Crear | Villager (Male) |
| 5:07 | Crear | Villager (Male) |
| 5:36 | Crear | Villager (Male) |
| 5:54 | Construir | House |
| 6:08 | Crear | Villager (Male) |
| 6:08 | Crear | Villager (Male) |
| 6:09 | Crear | Villager (Male) |
| 6:15 | Construir | Farm |
| 6:18 | Construir | Farm |
| 6:22 | Construir | Farm |
| 6:30 | Crear | Villager (Male) |
| 6:36 | Construir | House |
| 7:16 | Crear | Villager (Male) |
| 7:20 | Construir | Farm |
| 7:35 | Crear | Villager (Male) |
| 7:46 | Construir | House |
| 7:53 | Construir | Palisade Wall |
| 7:57 | Construir | House |
| 7:58 | Construir | Palisade Wall |
| 8:04 | Construir | Palisade Gate |
| 8:18 | Construir | Farm |
| 8:39 | Crear | Villager (Male) |
| 8:39 | Crear | Villager (Male) |
| 8:45 | Construir | Mining Camp |
| 9:27 | Investigar | Feudal Age |
| 11:18 | Construir | Palisade Wall |
| 11:22 | Construir | Palisade Wall |
| 11:28 | Construir | Palisade Wall |
| 11:31 | Construir | Palisade Wall |
| 11:33 | Construir | Palisade Wall |
| 11:39 | Crear | Villager (Male) |
| 11:40 | Crear | Villager (Male) |
| 11:41 | Edad | Edad Feudal |
| 11:48 | Construir | Market |
| 11:50 | Construir | Blacksmith |
| 11:52 | Investigar | Double-Bit Axe |
| 11:52 | Investigar | Double-Bit Axe |
| 11:53 | Investigar | Horse Collar |
| 11:53 | Investigar | Horse Collar |
| 11:55 | Crear | Villager (Male) |
| 12:11 | Construir | Farm |
| 12:30 | Construir | Farm |
| 12:37 | Construir | Farm |
| 12:48 | Construir | Farm |
| 12:50 | Investigar | Castle Age |
| 12:50 | Investigar | Castle Age |
| 13:33 | Construir | Farm |
| 13:37 | Construir | Farm |
| 13:49 | Crear | Villager (Male) |
| 13:50 | Crear | Villager (Male) |
| 14:44 | Investigar | Fletching |
| 15:22 | Construir | Palisade Wall |
| 15:36 | Edad | Edad de los Castillos |
| 15:39 | Construir | Town Center |
| 15:40 | Investigar | Bow Saw |
| 15:41 | Investigar | Bow Saw |
| 15:42 | Crear | Villager (Male) |
| 16:12 | Construir | Palisade Wall |
| 16:14 | Construir | Palisade Wall |
| 16:46 | Crear | Villager (Male) |
| 16:46 | Crear | Villager (Male) |
| 16:46 | Crear | Villager (Male) |
| 16:56 | Construir | Farm |
| 16:58 | Construir | Farm |
| 17:02 | Investigar | Heavy Plow |
| 17:05 | Crear | Villager (Male) |
| 17:05 | Crear | Villager (Male) |
| 17:15 | Construir | Farm |
| 17:19 | Construir | Farm |
| 17:27 | Construir | Farm |
| 17:30 | Construir | Farm |
| 17:31 | Crear | Villager (Male) |
| 17:32 | Crear | Villager (Male) |
| 17:38 | Investigar | Gold Mining |
| 17:38 | Investigar | Gold Mining |
| 17:53 | Crear | Villager (Male) |
| 17:53 | Crear | Villager (Male) |
| 18:24 | Construir | Town Center |
| 18:33 | Construir | House |
| 18:39 | Crear | Villager (Male) |
| 18:39 | Crear | Villager (Male) |
| 18:50 | Crear | Villager (Male) |
| 18:50 | Crear | Villager (Male) |
| 19:00 | Construir | Farm |
| 19:12 | Crear | Villager (Male) |
| 19:12 | Crear | Villager (Male) |
| 19:13 | Crear | Villager (Male) |
| 19:19 | Construir | House |
| 19:26 | Construir | House |
| 19:27 | Construir | House |
| 19:37 | Construir | House |
| 19:40 | Construir | House |
| 19:43 | Crear | Villager (Male) |
| 19:43 | Crear | Villager (Male) |
| 19:43 | Crear | Villager (Male) |
| 19:52 | Construir | University |
| 20:03 | Construir | Farm |
| 20:08 | Crear | Villager (Male) |
| 20:09 | Crear | Villager (Male) |
| 20:09 | Crear | Villager (Male) |
| 20:29 | Construir | Monastery |
| 20:36 | Crear | Villager (Male) |
| 20:38 | Crear | Villager (Male) |
| 20:40 | Crear | Villager (Male) |
| 20:41 | Construir | Farm |
| 20:46 | Construir | Farm |
| 21:01 | Construir | Farm |
| 22:53 | Investigar | Imperial Age |
| 22:53 | Investigar | Imperial Age |
| 23:03 | Investigar | Wheelbarrow |
| 23:24 | Construir | Town Center |
| 23:28 | Investigar | Town Watch |
| 23:31 | Investigar | Stone Mining |
| 23:31 | Investigar | Stone Mining |
| 23:41 | Crear | Villager (Male) |
| 24:00 | Crear | Villager (Male) |
| 24:00 | Crear | Villager (Male) |
| 24:00 | Crear | Villager (Male) |
| 24:21 | Crear | Villager (Male) |
| 24:32 | Construir | Mining Camp |
| 24:34 | Crear | Villager (Male) |
| 24:55 | Crear | Villager (Male) |
| 25:18 | Crear | Villager (Male) |
| 25:22 | Construir | House |
| 25:23 | Construir | House |
| 25:24 | Construir | House |
| 25:31 | Construir | House |
| 25:33 | Construir | House |
| 25:50 | Crear | Villager (Male) |
| 25:50 | Crear | Villager (Male) |
| 25:51 | Crear | Villager (Male) |
| 26:03 | Edad | Edad Imperial |
Build order — Peace en Lee
Primeras 150 de 445 acciones detectadas
| 0:01 | Crear | Villager (Male) ×4 |
| 0:02 | Crear | Villager (Male) ×4 |
| 0:03 | Construir | House |
| 0:04 | Construir | House |
| 1:26 | Crear | Villager (Male) |
| 1:26 | Crear | Villager (Male) |
| 1:55 | Crear | Villager (Male) |
| 1:55 | Crear | Villager (Male) |
| 2:28 | Crear | Villager (Male) |
| 2:28 | Crear | Villager (Male) |
| 2:53 | Crear | Villager (Male) |
| 2:53 | Crear | Villager (Male) |
| 2:54 | Crear | Villager (Male) |
| 3:24 | Crear | Villager (Male) |
| 3:58 | Construir | House |
| 3:59 | Crear | Villager (Male) |
| 3:59 | Crear | Villager (Male) |
| 4:18 | Crear | Villager (Male) |
| 4:39 | Crear | Villager (Male) |
| 4:39 | Crear | Villager (Male) |
| 5:05 | Construir | Mill |
| 5:22 | Crear | Villager (Male) |
| 5:23 | Crear | Villager (Male) |
| 5:23 | Crear | Villager (Male) |
| 6:07 | Investigar | Loom |
| 6:34 | Investigar | Feudal Age |
| 6:34 | Investigar | Feudal Age |
| 6:52 | Construir | Barracks |
| 6:56 | Construir | House |
| 7:20 | Construir | Mule Cart |
| 7:49 | Construir | Farm |
| 7:50 | Construir | Farm |
| 8:20 | Construir | House |
| 8:22 | Crear | Villager (Male) |
| 8:23 | Crear | Villager (Male) |
| 8:51 | Edad | Edad Feudal |
| 9:00 | Construir | Stable |
| 9:20 | Investigar | Double-Bit Axe |
| 9:21 | Investigar | Double-Bit Axe |
| 9:29 | Crear | Villager (Male) |
| 9:54 | Crear | Scout Cavalry |
| 9:55 | Crear | Scout Cavalry |
| 9:55 | Crear | Scout Cavalry |
| 9:58 | Construir | Farm |
| 10:01 | Crear | Villager (Male) |
| 10:01 | Crear | Villager (Male) |
| 10:04 | Construir | Farm |
| 10:19 | Crear | Villager (Male) |
| 10:20 | Crear | Villager (Male) |
| 10:27 | Construir | Farm |
| 10:46 | Construir | Farm |
| 10:47 | Crear | Villager (Male) |
| 11:02 | Crear | Villager (Male) |
| 11:07 | Construir | House |
| 11:09 | Construir | House |
| 11:30 | Crear | Villager (Male) |
| 11:32 | Construir | Farm |
| 11:34 | Construir | Farm |
| 11:36 | Construir | Farm |
| 11:37 | Crear | Villager (Male) |
| 11:48 | Investigar | Horse Collar |
| 11:48 | Investigar | Horse Collar |
| 11:49 | Crear | Villager (Male) |
| 11:54 | Construir | Farm |
| 12:15 | Construir | Farm |
| 12:21 | Crear | Villager (Male) |
| 12:55 | Crear | Villager (Male) |
| 13:16 | Crear | Villager (Male) |
| 13:25 | Construir | Stable |
| 13:27 | Construir | Blacksmith |
| 13:30 | Crear | Villager (Male) |
| 13:33 | Crear | Scout Cavalry |
| 13:33 | Crear | Scout Cavalry |
| 13:47 | Investigar | Bloodlines |
| 13:49 | Crear | Villager (Male) |
| 13:53 | Construir | Farm |
| 14:02 | Crear | Villager (Male) |
| 14:04 | Crear | Scout Cavalry |
| 14:12 | Investigar | Scale Barding Armor |
| 14:12 | Investigar | Scale Barding Armor |
| 14:14 | Construir | House |
| 14:15 | Construir | House |
| 14:16 | Construir | House |
| 14:25 | Crear | Scout Cavalry |
| 14:25 | Crear | Scout Cavalry |
| 14:31 | Crear | Scout Cavalry |
| 14:34 | Crear | Villager (Male) |
| 14:39 | Construir | Farm |
| 14:45 | Construir | Farm |
| 14:53 | Crear | Villager (Male) |
| 15:25 | Crear | Scout Cavalry |
| 15:26 | Crear | Scout Cavalry |
| 15:27 | Crear | Villager (Male) |
| 15:38 | Construir | Farm |
| 15:51 | Investigar | Wheelbarrow |
| 16:07 | Investigar | Forging |
| 16:57 | Crear | Villager (Male) |
| 16:57 | Crear | Villager (Male) |
| 17:00 | Construir | Farm |
| 17:07 | Construir | House |
| 17:09 | Construir | House |
| 17:11 | Construir | House |
| 17:12 | Construir | House |
| 17:29 | Construir | Market |
| 17:59 | Construir | Farm |
| 18:01 | Construir | Farm |
| 18:09 | Investigar | Castle Age |
| 18:09 | Investigar | Castle Age |
| 18:42 | Construir | Mule Cart |
| 20:08 | Crear | Villager (Male) |
| 20:08 | Crear | Villager (Male) |
| 21:07 | Edad | Edad de los Castillos |
| 21:08 | Construir | Town Center |
| 21:17 | Construir | Town Center |
| 21:25 | Investigar | Bow Saw |
| 21:25 | Investigar | Bow Saw |
| 21:30 | Investigar | Light Cavalry (upgrade) |
| 21:31 | Investigar | Husbandry |
| 21:35 | Investigar | Husbandry |
| 21:37 | Investigar | Chain Barding Armor |
| 21:37 | Investigar | Chain Barding Armor |
| 21:42 | Construir | Stable |
| 21:57 | Crear | Scout Cavalry |
| 21:57 | Crear | Scout Cavalry |
| 22:02 | Construir | Farm |
| 22:08 | Investigar | Heavy Plow |
| 22:08 | Investigar | Heavy Plow |
| 22:10 | Construir | House |
| 22:11 | Construir | House |
| 22:15 | Construir | House |
| 22:20 | Crear | Villager (Male) |
| 22:20 | Crear | Villager (Male) |
| 22:20 | Crear | Villager (Male) |
| 22:23 | Crear | Villager (Male) |
| 22:24 | Construir | Farm |
| 22:25 | Construir | Farm |
| 22:25 | Construir | Farm |
| 22:29 | Crear | Scout Cavalry |
| 22:29 | Crear | Scout Cavalry |
| 22:29 | Crear | Scout Cavalry |
| 22:36 | Crear | Scout Cavalry |
| 22:36 | Crear | Scout Cavalry |
| 22:38 | Investigar | Iron Casting |
| 22:43 | Construir | Farm |
| 22:48 | Crear | Villager (Male) |
| 22:51 | Crear | Villager (Male) |
| 22:51 | Crear | Villager (Male) |
| 22:52 | Crear | Villager (Male) |
| 22:58 | Construir | Farm |
| 23:00 | Crear | Villager (Male) |
Build order — MANOSCHUECAS420
Primeras 150 de 518 acciones detectadas
| 0:00 | Crear | Villager (Male) |
| 0:01 | Crear | Villager (Male) |
| 0:03 | Construir | House |
| 0:05 | Construir | House |
| 0:23 | Crear | Villager (Male) |
| 0:23 | Crear | Villager (Male) |
| 1:43 | Crear | Villager (Male) |
| 1:53 | Investigar | Loom |
| 2:27 | Crear | Villager (Male) |
| 2:28 | Crear | Villager (Male) |
| 2:58 | Crear | Villager (Male) |
| 2:58 | Crear | Villager (Male) |
| 2:58 | Crear | Villager (Male) |
| 3:39 | Construir | House |
| 3:40 | Construir | House |
| 4:18 | Crear | Villager (Male) |
| 4:33 | Crear | Villager (Male) |
| 4:41 | Construir | Lumber Camp |
| 4:47 | Crear | Villager (Male) |
| 4:54 | Construir | House |
| 4:56 | Crear | Villager (Male) |
| 6:00 | Crear | Villager (Male) |
| 6:16 | Crear | Villager (Male) |
| 6:39 | Crear | Villager (Male) |
| 6:54 | Construir | Barracks |
| 7:05 | Crear | Villager (Male) |
| 7:20 | Investigar | Feudal Age |
| 7:37 | Construir | Mill |
| 7:40 | Crear | Militia |
| 7:57 | Crear | Militia |
| 8:25 | Construir | Farm |
| 8:29 | Crear | Militia |
| 8:49 | Construir | Farm |
| 8:51 | Construir | Farm |
| 8:54 | Crear | Militia |
| 8:55 | Crear | Villager (Male) |
| 9:21 | Construir | House |
| 9:22 | Construir | House |
| 9:29 | Crear | Militia |
| 9:37 | Edad | Edad Feudal |
| 9:46 | Crear | Villager (Male) |
| 9:47 | Crear | Militia |
| 9:55 | Construir | Farm |
| 9:57 | Construir | Farm |
| 10:07 | Crear | Villager (Male) |
| 10:21 | Crear | Spearman |
| 10:24 | Crear | Villager (Male) |
| 10:28 | Construir | Farm |
| 10:29 | Construir | Farm |
| 10:46 | Crear | Spearman |
| 10:47 | Crear | Spearman |
| 11:08 | Investigar | Man-at-Arms (upgrade) |
| 11:17 | Crear | Villager (Male) |
| 11:21 | Construir | Farm |
| 11:21 | Construir | Farm |
| 11:26 | Crear | Militia |
| 11:43 | Crear | Villager (Male) |
| 11:50 | Construir | Farm |
| 11:50 | Construir | Farm |
| 11:51 | Construir | Farm |
| 12:15 | Crear | Militia |
| 12:16 | Crear | Spearman |
| 12:17 | Crear | Villager (Male) |
| 12:19 | Construir | Barracks |
| 12:45 | Crear | Spearman |
| 12:45 | Crear | Militia |
| 12:47 | Crear | Villager (Male) |
| 12:52 | Construir | Farm |
| 12:52 | Construir | Farm |
| 13:19 | Crear | Militia |
| 13:19 | Crear | Militia |
| 13:20 | Crear | Villager (Male) |
| 13:26 | Crear | Villager (Male) |
| 13:41 | Crear | Villager (Male) |
| 13:46 | Construir | House |
| 13:47 | Construir | House |
| 14:15 | Crear | Militia |
| 14:17 | Construir | House |
| 14:17 | Construir | House |
| 14:21 | Crear | Villager (Male) |
| 14:35 | Construir | Mining Camp |
| 14:38 | Investigar | Wheelbarrow |
| 14:40 | Crear | Villager (Male) |
| 14:51 | Crear | Militia |
| 14:53 | Crear | Spearman |
| 14:53 | Crear | Spearman |
| 15:01 | Investigar | Horse Collar |
| 15:08 | Investigar | Double-Bit Axe |
| 15:21 | Crear | Militia |
| 15:21 | Crear | Militia |
| 15:50 | Crear | Militia |
| 15:51 | Crear | Villager (Male) |
| 15:56 | Crear | Villager (Male) |
| 16:03 | Construir | Lumber Camp |
| 16:30 | Construir | House |
| 16:31 | Construir | House |
| 16:31 | Construir | House |
| 16:31 | Construir | House |
| 16:37 | Crear | Villager (Male) |
| 16:56 | Crear | Militia |
| 16:57 | Crear | Militia |
| 17:04 | Crear | Villager (Male) |
| 17:16 | Crear | Villager (Male) |
| 18:15 | Construir | Market |
| 18:31 | Construir | Farm |
| 18:37 | Crear | Villager (Male) |
| 18:40 | Crear | Villager (Male) |
| 19:16 | Construir | Blacksmith |
| 19:19 | Crear | Villager (Male) |
| 19:44 | Investigar | Castle Age |
| 19:56 | Construir | Mining Camp |
| 20:00 | Construir | House |
| 20:13 | Construir | Watch Tower |
| 20:39 | Investigar | Stone Mining |
| 20:42 | Investigar | Gold Mining |
| 21:18 | Construir | Watch Tower |
| 21:28 | Crear | Villager (Male) |
| 21:37 | Construir | Watch Tower |
| 21:54 | Crear | Villager (Male) |
| 22:16 | Investigar | Fletching |
| 22:30 | Crear | Spearman |
| 22:30 | Crear | Spearman |
| 22:31 | Crear | Spearman |
| 22:31 | Crear | Spearman |
| 22:31 | Crear | Spearman |
| 22:32 | Edad | Edad de los Castillos |
| 22:34 | Construir | University |
| 22:43 | Investigar | Bow Saw |
| 22:43 | Crear | Villager (Male) |
| 23:00 | Investigar | Pikeman (upgrade) |
| 23:01 | Investigar | Squires |
| 23:02 | Crear | Spearman |
| 23:03 | Crear | Spearman |
| 23:05 | Investigar | Heavy Plow |
| 23:07 | Crear | Villager (Male) |
| 23:25 | Construir | Farm |
| 23:30 | Construir | Farm |
| 23:41 | Construir | Town Center |
| 23:47 | Crear | Villager (Male) |
| 23:52 | Crear | Spearman |
| 24:10 | Investigar | Bodkin Arrow |
| 24:26 | Crear | Villager (Male) |
| 24:31 | Investigar | Ballistics |
| 24:38 | Crear | Villager (Male) |
| 24:44 | Crear | Villager (Male) |
| 24:44 | Crear | Villager (Male) |
| 24:44 | Crear | Villager (Male) |
| 24:52 | Construir | Farm |
| 24:58 | Construir | Farm |
| 25:03 | Construir | Farm |
Build order — AliceZS
Primeras 150 de 319 acciones detectadas
| 0:01 | Crear | Villager (Male) |
| 0:03 | Construir | House |
| 0:04 | Construir | House |
| 0:10 | Crear | Villager (Male) |
| 0:28 | Crear | Villager (Male) |
| 0:29 | Crear | Villager (Male) |
| 1:26 | Crear | Villager (Male) |
| 2:04 | Crear | Villager (Male) |
| 2:10 | Construir | Lumber Camp |
| 2:19 | Crear | Villager (Male) |
| 2:55 | Crear | Villager (Male) |
| 3:04 | Construir | House |
| 3:30 | Crear | Villager (Male) |
| 3:55 | Crear | Villager (Male) |
| 4:06 | Construir | Mill |
| 4:09 | Crear | Villager (Male) |
| 4:33 | Construir | House |
| 4:46 | Crear | Villager (Male) |
| 5:14 | Crear | Villager (Male) |
| 5:28 | Crear | Villager (Male) |
| 6:00 | Construir | House |
| 6:06 | Crear | Villager (Male) |
| 6:32 | Crear | Villager (Male) |
| 6:57 | Crear | Villager (Male) |
| 7:01 | Crear | Villager (Male) |
| 7:02 | Crear | Villager (Male) |
| 7:11 | Construir | Palisade Gate |
| 7:20 | Crear | Villager (Male) |
| 7:28 | Construir | Mining Camp |
| 8:31 | Investigar | Feudal Age |
| 8:38 | Construir | House |
| 8:40 | Construir | Palisade Wall |
| 9:31 | Construir | Farm |
| 9:35 | Construir | Farm |
| 10:18 | Construir | Farm |
| 10:43 | Crear | Villager (Male) |
| 10:44 | Crear | Villager (Male) |
| 10:47 | Edad | Edad Feudal |
| 10:51 | Construir | Market |
| 10:53 | Construir | Blacksmith |
| 11:27 | Construir | Farm |
| 11:55 | Construir | Farm |
| 12:11 | Construir | Mining Camp |
| 12:39 | Construir | Farm |
| 12:42 | Construir | Farm |
| 13:04 | Investigar | Castle Age |
| 13:05 | Investigar | Castle Age |
| 13:42 | Investigar | Horse Collar |
| 13:43 | Construir | Farm |
| 13:49 | Construir | Farm |
| 13:50 | Construir | Farm |
| 14:30 | Investigar | Double-Bit Axe |
| 15:44 | Edad | Edad de los Castillos |
| 15:47 | Construir | Castle |
| 15:49 | Crear | Villager (Male) |
| 16:00 | Construir | Lumber Camp |
| 16:17 | Crear | Villager (Male) |
| 16:18 | Construir | Farm |
| 16:49 | Construir | Gate |
| 16:52 | Crear | Conquistador |
| 16:53 | Crear | Villager (Male) |
| 16:55 | Construir | Farm |
| 16:59 | Crear | Conquistador |
| 17:12 | Crear | Conquistador |
| 17:14 | Crear | Villager (Male) |
| 17:22 | Construir | Farm |
| 17:28 | Crear | Conquistador |
| 17:38 | Crear | Villager (Male) |
| 17:50 | Construir | Farm |
| 17:52 | Construir | Farm |
| 18:14 | Crear | Conquistador |
| 18:15 | Crear | Villager (Male) |
| 18:54 | Crear | Conquistador |
| 18:56 | Construir | Farm |
| 19:07 | Crear | Conquistador |
| 19:11 | Crear | Villager (Male) |
| 19:36 | Crear | Conquistador |
| 19:37 | Crear | Villager (Male) |
| 19:48 | Construir | Farm |
| 19:50 | Construir | Farm |
| 19:50 | Crear | Villager (Male) |
| 20:08 | Crear | Villager (Male) |
| 20:33 | Crear | Conquistador |
| 20:34 | Crear | Villager (Male) |
| 20:42 | Construir | House |
| 20:44 | Construir | House |
| 20:46 | Construir | House |
| 20:50 | Construir | House |
| 20:56 | Crear | Villager (Male) |
| 21:01 | Crear | Conquistador |
| 21:36 | Crear | Villager (Male) |
| 22:02 | Crear | Conquistador |
| 22:03 | Crear | Villager (Male) |
| 22:09 | Construir | House |
| 22:11 | Construir | House |
| 22:22 | Crear | Conquistador |
| 22:25 | Crear | Conquistador |
| 22:28 | Crear | Villager (Male) |
| 22:43 | Construir | Town Center |
| 22:48 | Crear | Conquistador |
| 22:58 | Crear | Villager (Male) |
| 23:02 | Crear | Villager (Male) |
| 23:09 | Construir | Monastery |
| 23:11 | Construir | House |
| 23:16 | Construir | House |
| 23:18 | Crear | Conquistador |
| 23:26 | Construir | Farm |
| 23:48 | Crear | Conquistador |
| 23:50 | Crear | Villager (Male) |
| 23:50 | Crear | Villager (Male) |
| 23:57 | Crear | Villager (Male) |
| 23:57 | Crear | Villager (Male) |
| 24:12 | Construir | Town Center |
| 24:29 | Crear | Conquistador |
| 24:29 | Crear | Conquistador |
| 24:42 | Crear | Villager (Male) |
| 24:43 | Crear | Villager (Male) |
| 24:46 | Crear | Villager (Male) |
| 24:55 | Crear | Villager (Male) |
| 24:55 | Crear | Villager (Male) |
| 25:05 | Crear | Conquistador |
| 25:26 | Crear | Conquistador |
| 25:30 | Construir | Farm |
| 25:31 | Crear | Villager (Male) |
| 25:31 | Crear | Villager (Male) |
| 25:33 | Construir | Farm |
| 25:43 | Crear | Conquistador |
| 26:06 | Crear | Conquistador |
| 26:07 | Crear | Villager (Male) |
| 26:07 | Crear | Villager (Male) |
| 26:10 | Construir | Farm |
| 26:13 | Construir | Farm |
| 26:17 | Crear | Missionary |
| 26:29 | Construir | Farm |
| 26:30 | Crear | Villager (Male) |
| 26:30 | Crear | Villager (Male) |
| 26:32 | Construir | Farm |
| 26:39 | Crear | Conquistador |
| 26:49 | Crear | Villager (Male) |
| 26:49 | Crear | Villager (Male) |
| 26:56 | Construir | House |
| 26:58 | Construir | House |
| 26:59 | Construir | House |
| 27:06 | Construir | Farm |
| 27:20 | Crear | Conquistador |
| 27:21 | Crear | Villager (Male) |
| 27:24 | Construir | Farm |
| 27:28 | Construir | Mill |
| 27:31 | Crear | Villager (Male) |
| 27:39 | Crear | Conquistador |
Build order — Heretic Prophet
Primeras 150 de 421 acciones detectadas
| 0:00 | Crear | Villager (Male) |
| 0:00 | Crear | Villager (Male) |
| 0:00 | Crear | Villager (Male) |
| 0:01 | Crear | Villager (Male) |
| 0:01 | Crear | Villager (Male) |
| 0:01 | Crear | Villager (Male) |
| 0:03 | Construir | House |
| 0:06 | Construir | Barracks |
| 0:31 | Construir | House |
| 1:36 | Crear | Villager (Male) |
| 1:36 | Crear | Villager (Male) |
| 1:36 | Crear | Villager (Male) |
| 1:45 | Crear | Villager (Male) |
| 1:45 | Crear | Villager (Male) |
| 1:45 | Crear | Villager (Male) |
| 2:13 | Crear | Villager (Male) |
| 2:13 | Crear | Villager (Male) |
| 2:13 | Crear | Villager (Male) |
| 2:37 | Crear | Militia |
| 3:15 | Construir | House |
| 3:16 | Construir | House |
| 3:20 | Crear | Villager (Male) |
| 3:21 | Investigar | Loom |
| 3:29 | Crear | Villager (Male) |
| 3:29 | Crear | Villager (Male) |
| 3:29 | Crear | Villager (Male) |
| 3:38 | Crear | Militia |
| 4:06 | Crear | Villager (Male) |
| 4:06 | Crear | Villager (Male) |
| 4:18 | Crear | Villager (Male) |
| 4:18 | Crear | Villager (Male) |
| 4:18 | Crear | Villager (Male) |
| 4:52 | Construir | Lumber Camp |
| 5:08 | Crear | Militia |
| 6:22 | Crear | Militia |
| 6:39 | Crear | Villager (Male) |
| 6:50 | Construir | House |
| 6:51 | Construir | House |
| 6:54 | Construir | Mill |
| 7:02 | Crear | Villager (Male) |
| 7:34 | Crear | Villager (Male) |
| 7:37 | Crear | Villager (Male) |
| 7:40 | Construir | Mining Camp |
| 7:57 | Construir | Farm |
| 7:59 | Crear | Villager (Male) |
| 8:14 | Construir | Farm |
| 8:17 | Construir | Farm |
| 8:38 | Crear | Villager (Male) |
| 9:20 | Crear | Villager (Male) |
| 9:27 | Investigar | Feudal Age |
| 9:34 | Construir | House |
| 9:37 | Crear | Militia |
| 9:57 | Crear | Militia |
| 10:04 | Construir | Mill |
| 10:11 | Construir | Palisade Wall |
| 10:13 | Construir | Palisade Wall |
| 10:14 | Construir | Palisade Wall |
| 10:15 | Construir | Palisade Wall |
| 10:16 | Construir | Palisade Wall |
| 10:17 | Construir | Palisade Wall |
| 10:47 | Construir | Farm |
| 10:59 | Crear | Militia |
| 11:28 | Construir | Palisade Wall |
| 11:30 | Construir | Palisade Wall |
| 11:35 | Crear | Villager (Male) |
| 11:47 | Edad | Edad Feudal |
| 11:56 | Investigar | Man-at-Arms (upgrade) |
| 11:59 | Crear | Villager (Male) |
| 12:01 | Investigar | Double-Bit Axe |
| 12:08 | Construir | Archery Range |
| 12:13 | Construir | Blacksmith |
| 12:30 | Crear | Villager (Male) |
| 12:30 | Crear | Villager (Male) |
| 12:30 | Crear | Villager (Male) |
| 12:58 | Crear | Skirmisher |
| 12:58 | Crear | Skirmisher |
| 12:59 | Crear | Villager (Male) |
| 12:59 | Crear | Villager (Male) |
| 12:59 | Crear | Villager (Male) |
| 13:03 | Construir | Farm |
| 13:05 | Construir | Farm |
| 13:06 | Construir | Farm |
| 13:07 | Construir | Farm |
| 13:13 | Crear | Villager (Male) |
| 13:16 | Crear | Skirmisher |
| 13:25 | Crear | Villager (Male) |
| 13:37 | Crear | Archer |
| 13:39 | Crear | Spearman |
| 14:00 | Crear | Villager (Male) |
| 14:14 | Construir | Lumber Camp |
| 14:20 | Investigar | Fletching |
| 14:22 | Crear | Archer |
| 14:25 | Crear | Spearman |
| 14:34 | Construir | Palisade Wall |
| 14:44 | Construir | Farm |
| 14:46 | Construir | Farm |
| 14:54 | Construir | House |
| 15:00 | Investigar | Town Watch |
| 15:21 | Construir | Farm |
| 15:27 | Crear | Villager (Male) |
| 15:36 | Investigar | Castle Age |
| 15:41 | Construir | Farm |
| 15:43 | Crear | Archer |
| 15:44 | Crear | Archer |
| 15:45 | Crear | Archer |
| 16:15 | Construir | Stable |
| 16:17 | Investigar | Padded Archer Armor |
| 16:20 | Crear | Archer |
| 16:24 | Construir | House |
| 16:30 | Construir | Palisade Wall |
| 16:32 | Construir | Palisade Wall |
| 16:33 | Construir | Palisade Wall |
| 16:34 | Construir | Palisade Wall |
| 16:35 | Construir | Palisade Wall |
| 16:36 | Construir | Palisade Wall |
| 16:56 | Crear | Archer |
| 16:56 | Crear | Archer |
| 17:12 | Construir | House |
| 17:32 | Construir | Market |
| 17:37 | Construir | Palisade Wall |
| 17:39 | Crear | Archer |
| 17:53 | Construir | House |
| 17:56 | Construir | Palisade Wall |
| 18:16 | Edad | Edad de los Castillos |
| 18:18 | Crear | Villager (Male) |
| 18:20 | Investigar | Crossbowman (upgrade) |
| 18:24 | Investigar | Bodkin Arrow |
| 18:28 | Crear | Knight |
| 18:28 | Crear | Knight |
| 18:39 | Construir | Outpost |
| 18:42 | Crear | Villager (Male) |
| 18:59 | Crear | Villager (Male) |
| 18:59 | Crear | Villager (Male) |
| 19:12 | Construir | Farm |
| 19:14 | Crear | Knight |
| 19:16 | Crear | Archer |
| 19:16 | Crear | Archer |
| 20:01 | Construir | Outpost |
| 20:23 | Crear | Villager (Male) |
| 20:24 | Crear | Villager (Male) |
| 20:27 | Investigar | Bow Saw |
| 20:38 | Construir | Town Center |
| 20:55 | Crear | Archer |
| 20:55 | Crear | Archer |
| 20:58 | Crear | Villager (Male) |
| 20:58 | Crear | Villager (Male) |
| 20:58 | Crear | Villager (Male) |
| 21:58 | Crear | Skirmisher |
| 21:58 | Crear | Skirmisher |
| 22:07 | Crear | Villager (Male) |
Build order — Castor
Primeras 150 de 613 acciones detectadas
| 0:01 | Crear | Villager (Male) |
| 0:02 | Crear | Villager (Male) |
| 0:02 | Crear | Villager (Male) |
| 0:03 | Construir | House |
| 0:05 | Construir | House |
| 0:10 | Crear | Villager (Male) |
| 0:10 | Crear | Villager (Male) |
| 1:25 | Crear | Villager (Male) |
| 2:07 | Crear | Villager (Male) |
| 2:07 | Crear | Villager (Male) |
| 2:40 | Crear | Villager (Male) |
| 2:40 | Crear | Villager (Male) |
| 2:40 | Crear | Villager (Male) |
| 3:05 | Crear | Villager (Male) |
| 3:05 | Crear | Villager (Male) |
| 3:35 | Construir | House |
| 3:37 | Crear | Villager (Male) |
| 3:45 | Crear | Villager (Male) |
| 3:56 | Construir | Lumber Camp |
| 4:26 | Crear | Villager (Male) |
| 4:52 | Crear | Villager (Male) |
| 5:12 | Investigar | Loom |
| 5:26 | Construir | House |
| 5:30 | Construir | House |
| 5:35 | Construir | Palisade Wall |
| 5:50 | Crear | Villager (Male) |
| 6:07 | Crear | Villager (Male) |
| 6:23 | Construir | Mill |
| 6:37 | Construir | Palisade Wall |
| 6:42 | Crear | Villager (Male) |
| 7:28 | Investigar | Feudal Age |
| 7:28 | Investigar | Feudal Age |
| 7:39 | Construir | Barracks |
| 8:38 | Construir | Mining Camp |
| 8:49 | Crear | Villager (Male) |
| 9:22 | Crear | Villager (Male) |
| 9:38 | Edad | Edad Feudal |
| 9:41 | Investigar | Double-Bit Axe |
| 9:42 | Investigar | Gold Mining |
| 10:09 | Investigar | Horse Collar |
| 10:10 | Crear | Villager (Male) |
| 10:28 | Construir | Farm |
| 10:31 | Crear | Villager (Male) |
| 10:37 | Crear | Villager (Male) |
| 10:40 | Construir | Farm |
| 10:45 | Construir | Farm |
| 11:03 | Construir | House |
| 11:05 | Construir | House |
| 11:07 | Construir | House |
| 11:08 | Construir | House |
| 11:22 | Crear | Villager (Male) |
| 11:27 | Crear | Spearman |
| 11:43 | Construir | Lumber Camp |
| 11:50 | Construir | Farm |
| 11:56 | Crear | Villager (Male) |
| 12:23 | Construir | Stable |
| 12:26 | Crear | Villager (Male) |
| 12:37 | Crear | Villager (Male) |
| 12:42 | Crear | Spearman |
| 12:50 | Crear | Villager (Male) |
| 12:57 | Construir | Blacksmith |
| 13:05 | Construir | House |
| 13:07 | Construir | Palisade Wall |
| 13:08 | Construir | Palisade Wall |
| 13:12 | Crear | Villager (Male) |
| 13:49 | Construir | Farm |
| 13:51 | Crear | Scout Cavalry |
| 13:54 | Construir | House |
| 13:56 | Investigar | Scale Barding Armor |
| 13:56 | Investigar | Scale Barding Armor |
| 13:58 | Crear | Villager (Male) |
| 14:00 | Construir | Farm |
| 14:01 | Construir | Farm |
| 14:03 | Construir | Farm |
| 14:04 | Construir | Farm |
| 14:06 | Construir | Farm |
| 14:10 | Crear | Villager (Male) |
| 14:21 | Crear | Scout Cavalry |
| 14:25 | Construir | House |
| 14:34 | Construir | Market |
| 14:41 | Construir | Farm |
| 14:43 | Construir | Farm |
| 14:57 | Construir | House |
| 15:00 | Construir | Farm |
| 15:03 | Crear | Villager (Male) |
| 15:05 | Construir | Farm |
| 15:10 | Crear | Villager (Male) |
| 15:25 | Construir | Farm |
| 15:29 | Construir | Farm |
| 15:39 | Construir | Farm |
| 15:46 | Investigar | Wheelbarrow |
| 16:00 | Crear | Spearman |
| 16:59 | Investigar | Castle Age |
| 17:09 | Construir | Stable |
| 17:25 | Construir | Mining Camp |
| 18:10 | Crear | Villager (Male) |
| 18:15 | Construir | Stable |
| 18:17 | Crear | Villager (Male) |
| 18:28 | Construir | Mining Camp |
| 18:47 | Crear | Villager (Male) |
| 18:51 | Investigar | Forging |
| 18:51 | Investigar | Forging |
| 18:53 | Investigar | Bloodlines |
| 18:54 | Investigar | Bloodlines |
| 19:03 | Investigar | Stone Mining |
| 19:09 | Construir | House |
| 19:20 | Construir | House |
| 19:22 | Construir | House |
| 19:23 | Construir | Palisade Wall |
| 19:26 | Construir | Palisade Wall |
| 19:39 | Edad | Edad de los Castillos |
| 19:39 | Crear | Unit 1944 |
| 19:40 | Crear | Unit 1944 |
| 19:40 | Crear | Unit 1944 |
| 19:40 | Crear | Unit 1944 |
| 19:40 | Crear | Unit 1944 |
| 19:54 | Construir | House |
| 19:57 | Construir | House |
| 19:59 | Construir | House |
| 20:01 | Construir | House |
| 20:10 | Crear | Villager (Male) |
| 20:15 | Construir | Town Center |
| 20:22 | Crear | Villager (Male) |
| 20:28 | Crear | Villager (Male) |
| 20:34 | Investigar | Husbandry |
| 20:50 | Investigar | Bow Saw |
| 21:14 | Construir | Farm |
| 21:17 | Construir | Farm |
| 21:19 | Crear | Villager (Male) |
| 21:39 | Crear | Villager (Male) |
| 21:51 | Construir | Farm |
| 21:56 | Crear | Villager (Male) |
| 22:11 | Construir | Monastery |
| 22:15 | Crear | Unit 1944 |
| 22:15 | Crear | Unit 1944 |
| 22:16 | Crear | Villager (Male) |
| 22:19 | Construir | Farm |
| 22:26 | Crear | Villager (Male) |
| 22:26 | Crear | Villager (Male) |
| 22:37 | Crear | Villager (Male) |
| 22:41 | Crear | Villager (Male) |
| 22:50 | Crear | Monk |
| 22:58 | Crear | Villager (Male) |
| 23:00 | Crear | Villager (Male) |
| 23:03 | Crear | Unit 1944 |
| 23:03 | Crear | Unit 1944 |
| 23:07 | Crear | Villager (Male) |
| 23:15 | Crear | Villager (Male) |
| 23:19 | Construir | Town Center |
| 23:21 | Crear | Villager (Male) |
Build order — NyaNyaX
Primeras 150 de 535 acciones detectadas
| 0:01 | Crear | Villager (Male) |
| 0:01 | Crear | Villager (Male) |
| 0:01 | Crear | Villager (Male) |
| 0:02 | Construir | House |
| 0:04 | Construir | House |
| 0:12 | Crear | Villager (Male) |
| 1:18 | Crear | Villager (Male) |
| 1:30 | Crear | Villager (Male) |
| 2:13 | Crear | Villager (Male) |
| 2:25 | Crear | Villager (Male) |
| 3:01 | Construir | Lumber Camp |
| 3:27 | Crear | Villager (Male) |
| 3:28 | Crear | Villager (Male) |
| 3:28 | Crear | Villager (Male) |
| 3:48 | Crear | Villager (Male) |
| 3:55 | Crear | Villager (Male) |
| 4:33 | Crear | Villager (Male) |
| 4:48 | Construir | House |
| 4:53 | Investigar | Loom |
| 4:55 | Crear | Villager (Male) |
| 5:21 | Crear | Villager (Male) |
| 5:32 | Crear | Villager (Male) |
| 6:09 | Construir | House |
| 6:16 | Construir | Mill |
| 6:37 | Crear | Villager (Male) |
| 7:01 | Crear | Villager (Male) |
| 7:43 | Investigar | Feudal Age |
| 7:43 | Investigar | Feudal Age |
| 7:43 | Investigar | Feudal Age |
| 8:09 | Construir | Barracks |
| 8:32 | Crear | Villager (Male) |
| 9:10 | Construir | Pasture |
| 9:27 | Crear | Villager (Male) |
| 9:53 | Edad | Edad Feudal |
| 9:55 | Construir | Stable |
| 9:59 | Construir | Blacksmith |
| 10:03 | Construir | Blacksmith |
| 10:10 | Construir | House |
| 10:13 | Construir | House |
| 10:19 | Construir | Palisade Wall |
| 10:19 | Construir | Palisade Wall |
| 10:47 | Crear | Villager (Male) |
| 10:54 | Construir | House |
| 10:57 | Construir | Palisade Wall |
| 10:59 | Crear | Militia |
| 11:00 | Crear | Militia |
| 11:04 | Crear | Scout Cavalry |
| 11:04 | Crear | Scout Cavalry |
| 11:05 | Crear | Scout Cavalry |
| 11:06 | Investigar | Fletching |
| 11:12 | Investigar | Forging |
| 11:16 | Construir | Pasture |
| 11:30 | Crear | Villager (Male) |
| 11:30 | Crear | Villager (Male) |
| 12:01 | Construir | Palisade Wall |
| 12:04 | Construir | House |
| 12:13 | Crear | Villager (Male) |
| 12:32 | Crear | Scout Cavalry |
| 12:33 | Crear | Villager (Male) |
| 12:55 | Crear | Villager (Male) |
| 13:01 | Crear | Scout Cavalry |
| 13:03 | Crear | Villager (Male) |
| 13:08 | Construir | Pasture |
| 13:25 | Construir | Watch Tower |
| 13:30 | Crear | Villager (Male) |
| 13:34 | Crear | Villager (Male) |
| 13:56 | Construir | Pasture |
| 14:19 | Crear | Scout Cavalry |
| 14:19 | Crear | Scout Cavalry |
| 14:30 | Crear | Villager (Male) |
| 14:54 | Crear | Villager (Male) |
| 15:09 | Crear | Scout Cavalry |
| 15:27 | Crear | Villager (Male) |
| 15:51 | Construir | Pasture |
| 16:06 | Crear | Villager (Male) |
| 16:25 | Crear | Villager (Male) |
| 16:37 | Crear | Villager (Male) |
| 16:53 | Crear | Scout Cavalry |
| 17:00 | Construir | Pasture |
| 17:16 | Crear | Villager (Male) |
| 17:19 | Construir | Pasture |
| 17:32 | Crear | Villager (Male) |
| 17:48 | Construir | Stable |
| 17:57 | Crear | Villager (Male) |
| 18:09 | Construir | House |
| 18:10 | Construir | House |
| 18:11 | Construir | House |
| 18:11 | Construir | House |
| 18:38 | Construir | Pasture |
| 19:07 | Crear | Villager (Male) |
| 19:12 | Investigar | Tech 1014 |
| 19:22 | Crear | Villager (Male) |
| 19:28 | Construir | Pasture |
| 19:34 | Crear | Scout Cavalry |
| 19:37 | Construir | Pasture |
| 20:04 | Crear | Villager (Male) |
| 20:22 | Crear | Villager (Male) |
| 20:31 | Construir | Blacksmith |
| 20:42 | Construir | Pasture |
| 20:51 | Investigar | Castle Age |
| 20:51 | Investigar | Castle Age |
| 20:52 | Investigar | Castle Age |
| 21:16 | Construir | Stable |
| 21:19 | Crear | Villager (Male) |
| 21:22 | Crear | Scout Cavalry |
| 21:22 | Crear | Scout Cavalry |
| 21:26 | Construir | Pasture |
| 21:41 | Crear | Scout Cavalry |
| 22:18 | Crear | Scout Cavalry |
| 22:19 | Crear | Villager (Male) |
| 22:26 | Construir | Stable |
| 22:36 | Investigar | Double-Bit Axe |
| 22:41 | Crear | Scout Cavalry |
| 22:41 | Crear | Scout Cavalry |
| 22:54 | Construir | Pasture |
| 23:02 | Crear | Scout Cavalry |
| 23:02 | Crear | Scout Cavalry |
| 23:05 | Investigar | Scale Barding Armor |
| 23:17 | Construir | Pasture |
| 23:19 | Crear | Scout Cavalry |
| 23:19 | Crear | Scout Cavalry |
| 23:23 | Construir | House |
| 23:26 | Construir | House |
| 23:28 | Construir | House |
| 23:34 | Edad | Edad de los Castillos |
| 23:40 | Investigar | Husbandry |
| 23:48 | Crear | Villager (Male) |
| 23:49 | Crear | Villager (Male) |
| 23:59 | Crear | Villager (Male) |
| 24:00 | Crear | Scout Cavalry |
| 24:01 | Crear | Scout Cavalry |
| 24:01 | Crear | Scout Cavalry |
| 24:06 | Crear | Villager (Male) |
| 24:11 | Construir | Pasture |
| 24:13 | Investigar | Bow Saw |
| 24:22 | Investigar | Iron Casting |
| 24:23 | Investigar | Iron Casting |
| 24:23 | Investigar | Iron Casting |
| 24:34 | Crear | Scout Cavalry |
| 24:34 | Crear | Scout Cavalry |
| 24:38 | Crear | Scout Cavalry |
| 24:38 | Crear | Scout Cavalry |
| 24:52 | Construir | Pasture |
| 25:17 | Construir | Mining Camp |
| 25:21 | Crear | Villager (Male) |
| 25:22 | Crear | Villager (Male) |
| 25:23 | Investigar | Wheelbarrow |
| 25:29 | Crear | Scout Cavalry |
| 25:29 | Crear | Scout Cavalry |
| 25:29 | Crear | Scout Cavalry |
Cronología de la partida
| 0:06 | Heretic Prophet · first_building Barracks |
| 5:35 | Castor · wall_segment Palisade Wall x6 |
| 6:37 | Castor · wall_segment Palisade Wall x6 |
| 6:52 | Peace en Lee · first_building Barracks |
| 6:54 | MANOSCHUECAS420 · first_building Barracks |
| 7:13 | snk · first_building Barracks |
| 7:39 | Castor · first_building Barracks |
| 7:53 | paulovmcm · wall_segment Palisade Wall x11 |
| 7:58 | paulovmcm · wall_segment Palisade Wall x1 |
| 8:09 | NyaNyaX · first_building Barracks |
| 8:40 | AliceZS · wall_segment Palisade Wall x1 |
| 8:51 | Peace en Lee · age_up feudal |
| 9:00 | Peace en Lee · first_building Stable |
| 9:37 | MANOSCHUECAS420 · age_up feudal |
| 9:38 | Castor · age_up feudal |
| 9:53 | NyaNyaX · age_up feudal |
| 9:55 | NyaNyaX · first_building Stable |
| 10:11 | Heretic Prophet · wall_segment Palisade Wall x1 |
| 10:13 | Heretic Prophet · wall_segment Palisade Wall x1 |
| 10:14 | Heretic Prophet · wall_segment Palisade Wall x1 |
| 10:15 | Heretic Prophet · wall_segment Palisade Wall x1 |
| 10:16 | Heretic Prophet · wall_segment Palisade Wall x1 |
| 10:17 | Heretic Prophet · wall_segment Palisade Wall x1 |
| 10:19 | NyaNyaX · wall_segment Palisade Wall x1 |
| 10:19 | NyaNyaX · wall_segment Palisade Wall x1 |
| 10:47 | AliceZS · age_up feudal |
| 10:57 | NyaNyaX · wall_segment Palisade Wall x2 |
| 11:14 | snk · age_up feudal |
| 11:18 | paulovmcm · wall_segment Palisade Wall x1 |
| 11:22 | paulovmcm · wall_segment Palisade Wall x1 |
| 11:24 | snk · first_building Archery Range |
| 11:28 | paulovmcm · wall_segment Palisade Wall x1 |
| 11:28 | Heretic Prophet · wall_segment Palisade Wall x1 |
| 11:30 | Heretic Prophet · wall_segment Palisade Wall x1 |
| 11:31 | paulovmcm · wall_segment Palisade Wall x1 |
| 11:33 | paulovmcm · wall_segment Palisade Wall x1 |
| 11:41 | paulovmcm · age_up feudal |
| 11:47 | Heretic Prophet · age_up feudal |
| 12:01 | NyaNyaX · wall_segment Palisade Wall x1 |
| 12:08 | Heretic Prophet · first_building Archery Range |
| 12:23 | Castor · first_building Stable |
| 12:42 | paulovmcm · first_market_buy 100 food |
| 13:07 | Castor · wall_segment Palisade Wall x1 |
| 13:08 | Castor · wall_segment Palisade Wall x1 |
| 14:34 | Heretic Prophet · wall_segment Palisade Wall x1 |
| 15:22 | paulovmcm · wall_segment Palisade Wall x1 |
| 15:32 | Castor · first_market_buy 100 food |
| 15:36 | paulovmcm · age_up castle |
| 15:44 | AliceZS · age_up castle |
| 15:47 | AliceZS · first_building Castle |
| 16:12 | paulovmcm · wall_segment Palisade Wall x1 |
| 16:14 | paulovmcm · wall_segment Palisade Wall x1 |
| 16:15 | Heretic Prophet · first_building Stable |
| 16:29 | Castor · first_market_sell 100 wood |
| 16:30 | Heretic Prophet · wall_segment Palisade Wall x1 |
| 16:32 | Heretic Prophet · wall_segment Palisade Wall x1 |
| 16:33 | Heretic Prophet · wall_segment Palisade Wall x1 |
| 16:34 | Heretic Prophet · wall_segment Palisade Wall x1 |
| 16:35 | Heretic Prophet · wall_segment Palisade Wall x1 |
| 16:36 | Heretic Prophet · wall_segment Palisade Wall x1 |
| 17:37 | Heretic Prophet · wall_segment Palisade Wall x1 |
| 17:49 | snk · first_market_buy 100 food |
| 17:56 | Heretic Prophet · wall_segment Palisade Wall x7 |
| 18:16 | Heretic Prophet · age_up castle |
| 19:23 | Castor · wall_segment Palisade Wall x1 |
| 19:26 | Castor · wall_segment Palisade Wall x1 |
| 19:39 | Castor · age_up castle |
| 20:29 | paulovmcm · first_building Monastery |
| 20:31 | snk · age_up castle |
| 21:07 | Peace en Lee · age_up castle |
| 21:30 | MANOSCHUECAS420 · first_market_buy 100 stone |
| 22:11 | Castor · first_building Monastery |
| 22:32 | MANOSCHUECAS420 · age_up castle |
| 23:09 | AliceZS · first_building Monastery |
| 23:34 | NyaNyaX · age_up castle |
| 23:52 | Peace en Lee · first_market_sell 100 wood |
| 23:52 | Peace en Lee · first_market_buy 100 food |
| 25:14 | snk · first_building Siege Workshop |
| 25:46 | Castor · first_building Castle |
| 26:03 | paulovmcm · age_up imperial |
| 27:53 | paulovmcm · first_building Castle |
| 28:08 | MANOSCHUECAS420 · first_building Castle |
| 28:24 | Peace en Lee · first_building Monastery |
| 28:49 | Heretic Prophet · first_market_sell 100 wood |
| 28:51 | Heretic Prophet · first_market_buy 100 food |
| 30:07 | paulovmcm · first_market_sell 100 food |
| 30:58 | Heretic Prophet · first_building Siege Workshop |
| 31:07 | paulovmcm · tribute_sent a jugador 2 |
| 31:07 | paulovmcm · tribute_sent a jugador 3 |
| 31:07 | paulovmcm · tribute_sent a jugador 4 |
| 31:07 | paulovmcm · tribute_sent a jugador 5 |
| 31:07 | paulovmcm · tribute_sent a jugador 6 |
| 31:07 | paulovmcm · tribute_sent a jugador 7 |
| 31:07 | paulovmcm · tribute_sent a jugador 8 |
| 32:14 | Peace en Lee · age_up imperial |
| 32:22 | paulovmcm · tribute_sent a jugador 2 |
| 32:22 | paulovmcm · tribute_sent a jugador 3 |
| 32:22 | paulovmcm · tribute_sent a jugador 4 |
| 32:22 | paulovmcm · tribute_sent a jugador 5 |
| 32:22 | paulovmcm · tribute_sent a jugador 6 |
| 32:22 | paulovmcm · tribute_sent a jugador 7 |
| 32:22 | paulovmcm · tribute_sent a jugador 8 |
| 32:55 | AliceZS · wall_segment Stone Wall x12 |
| 33:02 | paulovmcm · tribute_sent a jugador 2 |
| 33:02 | paulovmcm · tribute_sent a jugador 3 |
| 33:02 | paulovmcm · tribute_sent a jugador 4 |
| 33:02 | paulovmcm · tribute_sent a jugador 5 |
| 33:02 | paulovmcm · tribute_sent a jugador 6 |
| 33:02 | paulovmcm · tribute_sent a jugador 7 |
| 33:02 | paulovmcm · tribute_sent a jugador 8 |
| 33:59 | paulovmcm · tribute_sent a jugador 2 |
| 33:59 | paulovmcm · tribute_sent a jugador 3 |
| 33:59 | paulovmcm · tribute_sent a jugador 4 |
| 33:59 | paulovmcm · tribute_sent a jugador 5 |
| 33:59 | paulovmcm · tribute_sent a jugador 6 |
| 33:59 | paulovmcm · tribute_sent a jugador 7 |
| 33:59 | paulovmcm · tribute_sent a jugador 8 |
| 34:04 | Heretic Prophet · first_building Castle |
| 34:34 | paulovmcm · tribute_sent a jugador 2 |
| 34:34 | paulovmcm · tribute_sent a jugador 3 |
| 34:34 | paulovmcm · tribute_sent a jugador 4 |
| 34:34 | paulovmcm · tribute_sent a jugador 5 |
| 34:34 | paulovmcm · tribute_sent a jugador 6 |
| 34:34 | paulovmcm · tribute_sent a jugador 7 |
| 34:34 | paulovmcm · tribute_sent a jugador 8 |
| 35:26 | AliceZS · age_up imperial |
| 35:41 | paulovmcm · tribute_sent a jugador 2 |
| 35:41 | paulovmcm · tribute_sent a jugador 3 |
| 35:41 | paulovmcm · tribute_sent a jugador 4 |
| 35:41 | paulovmcm · tribute_sent a jugador 5 |
| 35:41 | paulovmcm · tribute_sent a jugador 6 |
| 35:41 | paulovmcm · tribute_sent a jugador 7 |
| 35:41 | paulovmcm · tribute_sent a jugador 8 |
| 36:09 | snk · first_building Castle |
| 36:21 | paulovmcm · first_building Barracks |
| 36:49 | AliceZS · wall_segment Stone Wall x7 |
| 36:56 | AliceZS · wall_segment Stone Wall x6 |
| 37:11 | NyaNyaX · first_building Castle |
| 37:25 | paulovmcm · tribute_sent a jugador 2 |
| 37:25 | paulovmcm · tribute_sent a jugador 3 |
| 37:25 | paulovmcm · tribute_sent a jugador 4 |
| 37:25 | paulovmcm · tribute_sent a jugador 5 |
| 37:26 | paulovmcm · tribute_sent a jugador 6 |
| 37:26 | paulovmcm · tribute_sent a jugador 7 |
| 37:26 | paulovmcm · tribute_sent a jugador 8 |
| 37:46 | Heretic Prophet · age_up imperial |
| 37:58 | snk · age_up imperial |
| 38:48 | Peace en Lee · first_building Castle |
| 38:57 | paulovmcm · tribute_sent a jugador 2 |
| 38:57 | paulovmcm · tribute_sent a jugador 3 |
| 38:57 | paulovmcm · tribute_sent a jugador 4 |
| 38:57 | paulovmcm · tribute_sent a jugador 5 |
| 38:57 | paulovmcm · tribute_sent a jugador 6 |
| 38:57 | paulovmcm · tribute_sent a jugador 7 |
| 38:57 | paulovmcm · tribute_sent a jugador 8 |
| 39:53 | NyaNyaX · first_market_buy 100 food |
| 40:54 | paulovmcm · tribute_sent a jugador 2 |
| 40:54 | paulovmcm · tribute_sent a jugador 3 |
| 40:54 | paulovmcm · tribute_sent a jugador 4 |
| 40:54 | paulovmcm · tribute_sent a jugador 5 |
| 40:54 | paulovmcm · tribute_sent a jugador 6 |
| 40:54 | paulovmcm · tribute_sent a jugador 7 |
| 40:54 | paulovmcm · tribute_sent a jugador 8 |
| 40:55 | Castor · age_up imperial |
| 42:24 | paulovmcm · tribute_sent a jugador 2 |
| 42:24 | paulovmcm · tribute_sent a jugador 3 |
| 42:24 | paulovmcm · tribute_sent a jugador 4 |
| 42:24 | paulovmcm · tribute_sent a jugador 5 |
| 42:24 | paulovmcm · tribute_sent a jugador 6 |
| 42:24 | paulovmcm · tribute_sent a jugador 7 |
| 42:24 | paulovmcm · tribute_sent a jugador 8 |
| 43:09 | MANOSCHUECAS420 · age_up imperial |
| 43:16 | paulovmcm · tribute_sent a jugador 2 |
| 43:16 | paulovmcm · tribute_sent a jugador 3 |
| 43:16 | paulovmcm · tribute_sent a jugador 4 |
| 43:16 | paulovmcm · tribute_sent a jugador 5 |
| 43:16 | paulovmcm · tribute_sent a jugador 6 |
| 43:16 | paulovmcm · tribute_sent a jugador 7 |
| 43:16 | paulovmcm · tribute_sent a jugador 8 |
| 43:36 | NyaNyaX · age_up imperial |
| 44:08 | AliceZS · tribute_sent a jugador 1 |
| 44:08 | AliceZS · tribute_sent a jugador 2 |
| 44:08 | AliceZS · tribute_sent a jugador 3 |
| 44:08 | AliceZS · tribute_sent a jugador 5 |
| 44:08 | AliceZS · tribute_sent a jugador 6 |
| 44:08 | AliceZS · tribute_sent a jugador 7 |
| 44:08 | AliceZS · tribute_sent a jugador 8 |
| 45:23 | snk · wall_segment Stone Wall x5 |
| 46:11 | paulovmcm · tribute_sent a jugador 2 |
| 46:11 | paulovmcm · tribute_sent a jugador 3 |
| 46:11 | paulovmcm · tribute_sent a jugador 4 |
| 46:11 | paulovmcm · tribute_sent a jugador 5 |
| 46:11 | paulovmcm · tribute_sent a jugador 6 |
| 46:11 | paulovmcm · tribute_sent a jugador 7 |
| 46:11 | paulovmcm · tribute_sent a jugador 8 |
| 46:39 | paulovmcm · tribute_sent a jugador 2 |
| 46:39 | paulovmcm · tribute_sent a jugador 3 |
| 46:39 | paulovmcm · tribute_sent a jugador 4 |
| 46:39 | paulovmcm · tribute_sent a jugador 5 |
| 46:39 | paulovmcm · tribute_sent a jugador 6 |
| 46:39 | paulovmcm · tribute_sent a jugador 7 |
| 46:39 | paulovmcm · tribute_sent a jugador 8 |
| 47:44 | MANOSCHUECAS420 · resign |
| 48:25 | AliceZS · tribute_sent a jugador 1 |
| 48:25 | AliceZS · tribute_sent a jugador 2 |
| 48:25 | AliceZS · tribute_sent a jugador 3 |
| 48:25 | AliceZS · tribute_sent a jugador 5 |
| 48:25 | AliceZS · tribute_sent a jugador 6 |
| 48:25 | AliceZS · tribute_sent a jugador 7 |
| 48:25 | AliceZS · tribute_sent a jugador 8 |
| 50:21 | AliceZS · first_building Barracks |
| 51:15 | AliceZS · first_building Stable |
| 53:36 | paulovmcm · tribute_sent a jugador 2 |
| 53:36 | paulovmcm · tribute_sent a jugador 3 |
| 53:36 | paulovmcm · tribute_sent a jugador 4 |
| 53:36 | paulovmcm · tribute_sent a jugador 5 |
| 53:36 | paulovmcm · tribute_sent a jugador 6 |
| 53:36 | paulovmcm · tribute_sent a jugador 7 |
| 53:36 | paulovmcm · tribute_sent a jugador 8 |
| 54:34 | AliceZS · tribute_sent a jugador 1 |
| 54:34 | AliceZS · tribute_sent a jugador 2 |
| 54:34 | AliceZS · tribute_sent a jugador 3 |
| 54:34 | AliceZS · tribute_sent a jugador 5 |
| 54:34 | AliceZS · tribute_sent a jugador 6 |
| 54:34 | AliceZS · tribute_sent a jugador 7 |
| 54:34 | AliceZS · tribute_sent a jugador 8 |
[ ANÁLISIS IA · 1 CRÉDITO ]
¿Qué pasó realmente en esta partida?
Wolo.gg analiza cada decisión: build order, eco, micro, errores típicos por bracket. Análisis personalizado por WhatsApp o Discord en 30 segundos.
Guía civ
Bizantinos
Perfil
Jugador #10304256